Map: Lost and Found LE

Players

demuLarva

  • Race: Terran Terran
  • League: Grandmaster
  • Spawn Location: 7:00

NERFTERRANXD - Winner!

  • Race: Terran Terran
  • League: Grandmaster
  • Spawn Location: 1:00

VOD

Have the link to the VOD?

Description

Time

  • Played on: Aug. 14, 2018, 7:07 a.m.
  • Length: 13:01
Show
View Real Time Build Order
Export as new Build Order

demuLarva Terran 

Build Orders: Cyclone Opening, Reaper Expand, MMM Bio 

Get SALT Encoding   

  12  0:01  SCV  
  13  0:13  SCV  
  14  0:17  Supply Depot  
  14  0:25  SCV  
  14  0:28  Refinery  
  15  0:38  SCV  
  16  0:45  Barracks  
  16  0:50  SCV  
  17  1:02  SCV  
  18  1:15  SCV  
  19  1:31  Orbital Command  
  19  1:32  Reaper  
  20  1:43  Command Center  
  20  1:52  Factory  
  20  1:57  SCV  
  21  2:06  Barracks Reactor  
  21  2:10  SCV  
  21  2:12  Supply Depot  
  21  2:15  Refinery  
  22  2:22  SCV  
  23  2:34  SCV  
  24  2:42  Cyclone  
  24  2:43  Marine x2  
  29  2:46  SCV  
  30  2:55  Orbital Command  
  30  2:58  SCV  
  31  3:08  Marine x2  
  31  3:10  SCV  
  34  3:13  Starport  
  34  3:17  Bunker  
  34  3:19  Factory Tech Lab  
  34  3:20  SCV  
  34  3:22  SCV  
  36  3:32  SCV  
  37  3:35  SCV  
  37  3:38  Supply Depot  
  37  3:39  Marine  
  37  3:40  Marine  
  40  3:45  SCV  
  40  3:47  SCV  
  42  3:51  Factory Tech Lab  
  42  3:52  Cyclone  
  45  3:56  Supply Depot  
  45  3:57  SCV  
  45  4:00  SCV  
  45  4:01  Raven  
  49  4:06  Refinery  
  49  4:08  Marine x2  
  49  4:09  SCV  
  52  4:12  SCV, Barracks  
  53  4:18  Supply Depot  
  53  4:21  SCV, Barracks  
  54  4:24  SCV  
  57  4:32  Factory Tech Lab  
  57  4:33  SCV  
  57  4:37  Engineering Bay, Refinery  
  56  4:40  SCV  
  56  4:43  Barracks  
  58  4:45  SCV  
  58  4:52  Siege Tank, SCV  
  62  4:54  Starport Reactor  
  62  4:57  SCV  
  63  5:00  Supply Depot  
  63  5:02  Marine  
  63  5:03  Terran Infantry Weapons Level 1  
  65  5:07  SCV  
  65  5:09  Barracks Tech Lab  
  65  5:10  Marine x2  
  68  5:14  SCV  
  70  5:21  Marauder  
  70  5:24  SCV  
  70  5:26  Supply Depot  
  71  5:33  Marine x2  
  72  5:37  Medivac  
  72  5:39  Medivac  
  72  5:41  Barracks Reactor  
  72  5:42  Supply Depot  
  76  5:44  Marauder  
  76  5:48  Marauder  
  76  5:49  Supply Depot  
  80  5:56  Siege Tank  
  80  5:57  Supply Depot, Marine x2  
  83  6:04  Supply Depot  
  81  6:11  Barracks Tech Lab  
  81  6:15  Stimpack, Marauder, Marine  
  81  6:16  Marine  
  85  6:22  Medivac x2  
  85  6:23  Marine  
  85  6:24  Marine  
  91  6:28  Supply Depot  
  91  6:29  Siege Tank  
  91  6:30  Combat Shield  
  91  6:32  Marauder  
  96  6:35  Supply Depot  
  96  6:43  Marine x2  
  96  6:44  Marauder, Marine x2  
  102  6:53  Marauder, Viking x2  
  108  7:00  Terran Infantry Armor Level 1  
  108  7:07  Marauder, Marine x4  
  114  7:15  Marauder  
  116  7:23  Viking  
  116  7:24  Marine, Viking  
  116  7:25  Marine x3  
  116  7:28  Marauder  
  126  7:36  Marauder, Siege Tank  
  131  7:42  Supply Depot  
  131  7:43  Supply Depot  
  107  7:54  Marauder, Marine  
  107  7:57  Marauder  
  98  8:01  Viking x2  
  98  8:02  Marine x2  
  98  8:03  Marine  
  105  8:09  Concussive Shells  
  105  8:12  Siege Tank, Marine  
  109  8:16  Marauder  
  109  8:19  Marauder  
  113  8:20  Marine x3  
  116  8:27  Command Center  
  116  8:30  Marine  
  116  8:31  Viking x2  
  121  8:39  Marauder, Marine x2  
  121  8:40  Marauder, Marine  
  104  8:58  Marine  
  104  9:00  Marauder  
  104  9:01  Viking x2  
  111  9:05  Marine  
  111  9:06  Marauder  
  114  9:14  Marine x2  
  116  9:22  Marauder  
  117  9:31  Viking x2  
  117  9:37  Marauder, Marine x3  
  110  9:43  Marauder  
  112  9:45  Marine  
  108  9:55  Siege Tank  
  108  9:58  Marauder  
  107  10:01  Viking x2  
  107  10:10  Marauder, Marine  
  107  10:11  Marine  
  106  10:16  Marine  
  106  10:20  Marauder  
  106  10:21  Marine  
  96  10:31  Medivac x2  
  96  10:32  Marauder  
  96  10:35  Orbital Command, SCV  
  102  10:37  Marine  
  102  10:41  Marauder  
  104  10:43  Marine  
  105  10:53  Marauder  
  105  10:56  Marine x2  
  107  11:01  Medivac  
  107  11:03  Marauder  
  107  11:04  Orbital Command  
  111  11:11  Marine  
  111  11:15  Marauder  
  111  11:16  Medivac  
  111  11:18  Siege Tank  
  119  11:24  Marauder  
  119  11:25  Marine  
  115  11:35  Marine  
  115  11:36  Marauder  
  116  11:45  Marauder  
  116  11:49  Marine  
  113  11:57  Marauder  
  113  12:00  Marine  
  114  12:04  Marine  
  114  12:07  Marauder, Siege Tank  
  112  12:10  Marine  
  112  12:13  SCV  
  112  12:14  SCV  
  111  12:19  Marauder  
  92  12:27  Marine  
  92  12:28  Marauder  
  93  12:33  Marine  
  82  12:40  Marauder  
  82  12:42  Marine  
Show
View Real Time Build Order
Export as new Build Order

NERFTERRANXD Terran - Winner!

Build Orders: Reaper Expand, Mech 

Get SALT Encoding   

  12  0:02  SCV  
  13  0:14  SCV  
  13  0:18  Supply Depot  
  14  0:27  SCV  
  15  0:39  SCV  
  15  0:41  Barracks  
  16  0:45  Refinery  
  16  0:51  SCV  
  17  1:04  SCV  
  18  1:16  SCV  
  19  1:29  Orbital Command, Reaper  
  20  1:39  Command Center  
  20  1:51  Supply Depot  
  20  1:55  SCV  
  20  2:01  Reaper  
  22  2:03  Refinery  
  22  2:07  SCV  
  23  2:19  SCV  
  24  2:23  Factory  
  24  2:31  SCV  
  24  2:35  Barracks Reactor  
  24  2:43  SCV  
  25  2:51  Orbital Command  
  25  2:55  SCV  
  26  3:07  SCV  
  26  3:10  Command Center  
  27  3:17  Cyclone, SCV  
  31  3:20  SCV  
  32  3:27  Cyclone  
  32  3:30  SCV  
  32  3:32  SCV  
  37  3:36  Refinery  
  37  3:39  Refinery  
  37  3:42  SCV  
  37  3:44  SCV  
  39  3:50  Supply Depot  
  39  3:52  Cyclone  
  39  3:54  SCV  
  43  3:59  Cyclone  
  43  4:01  Barracks Tech Lab  
  46  4:12  SCV x2  
  46  4:14  Starport  
  48  4:24  Orbital Command, SCV x2  
  50  4:36  SCV x2  
  50  4:37  Siege Tank  
  55  4:38  Factory  
  55  4:39  Barracks Reactor  
  55  4:46  Supply Depot  
  55  4:48  SCV  
  55  4:50  SCV  
  55  4:51  SCV  
  58  4:57  Medivac  
  58  4:58  Medivac  
  62  5:00  SCV  
  62  5:02  Orbital Command, SCV  
  64  5:09  Supply Depot  
  64  5:12  Siege Tank, SCV  
  68  5:14  SCV  
  68  5:17  Supply Depot  
  69  5:24  SCV, Factory  
  69  5:25  Barracks Tech Lab  
  69  5:26  SCV  
  69  5:27  SCV  
  72  5:36  SCV, Viking  
  72  5:37  Viking  
  72  5:38  SCV  
  72  5:39  SCV  
  72  5:41  Supply Depot  
  79  5:44  Siege Tank  
  79  5:48  SCV  
  83  5:50  SCV  
  83  5:51  Refinery  
  83  5:53  Refinery  
  83  5:54  SCV  
  83  5:55  Supply Depot  
  85  5:59  Hellion x2  
  85  6:00  SCV  
  85  6:03  SCV  
  91  6:06  SCV  
  92  6:13  SCV  
  92  6:14  Viking x2  
  92  6:17  SCV  
  96  6:20  Supply Depot  
  96  6:21  Siege Tank  
  96  6:22  Siege Tank  
  96  6:24  SCV  
  96  6:25  SCV  
  104  6:30  Supply Depot, Liberator, Hellion  
  104  6:31  Hellion  
  108  6:33  SCV  
  108  6:36  Liberator  
  109  6:41  SCV x2  
  109  6:43  Armory  
  109  6:44  Armory  
  111  6:47  Supply Depot  
  111  6:50  SCV  
  111  6:52  Supply Depot  
  118  6:55  SCV  
  118  6:57  Siege Tank  
  122  7:04  Engineering Bay  
  122  7:06  Supply Depot x2  
  122  7:07  Siege Tank  
  125  7:09  SCV  
  125  7:12  Hellion  
  125  7:14  Infernal Pre-Igniter  
  128  7:20  SCV  
  129  7:23  Hellion  
  129  7:25  SCV  
  129  7:26  Supply Depot  
  132  7:31  Siege Tank  
  132  7:33  Hellion  
  137  7:37  Viking  
  137  7:38  Viking  
  137  7:42  Hellion  
  137  7:43  Supply Depot  
  143  7:45  Hellion  
  132  7:54  Hellion  
  111  8:01  SCV  
  111  8:02  Factory  
  111  8:03  Siege Tank x2, Factory  
  115  8:07  Hellion  
  117  8:16  Missile Turret  
  117  8:17  Missile Turret x2  
  117  8:23  Terran Vehicle Weapons Level 1, Terran Vehicle And Ship Armor Level 1, Hellion  
  117  8:24  Hellion  
  119  8:27  Sensor Tower  
  119  8:33  Viking  
  119  8:34  Viking  
  123  8:35  Siege Tank, Hellion  
  128  8:41  Siege Tank  
  128  8:43  Supply Depot  
  128  8:46  Hellion  
  130  8:54  Liberator  
  124  8:57  Hellion  
  124  8:59  Factory Reactor  
  124  9:00  Factory Tech Lab  
  124  9:07  Siege Tank, Hellion  
  124  9:14  Hellion  
  124  9:16  Supply Depot  
  129  9:17  Supply Depot x2  
  129  9:18  Supply Depot  
  129  9:20  Liberator  
  129  9:35  Siege Tank x2, Hellion  
  129  9:36  Liberator  
  131  9:39  Hellion  
  131  9:40  Hellion x2  
  131  9:41  Hellion  
  138  9:57  Hellion  
  128  10:01  Hellion x3  
  128  10:02  Siege Tank  
  127  10:07  Hellion  
  127  10:09  SCV  
  127  10:10  SCV  
  127  10:12  Refinery  
  127  10:13  Missile Turret  
  130  10:15  Orbital Command  
  130  10:18  Hellion  
  130  10:20  Viking  
  115  10:22  Hellion x2  
  115  10:23  Hellion  
  107  10:28  Siege Tank  
  107  10:34  Siege Tank  
  107  10:35  SCV  
  111  10:40  Hellion  
  111  10:41  SCV  
  111  10:43  SCV  
  111  10:44  Hellion  
  111  10:47  SCV  
  114  10:53  SCV  
  114  10:54  Cyclone  
  116  10:58  Cyclone  
  116  11:00  Siege Tank  
  116  11:02  SCV  
  123  11:06  Refinery  
  123  11:12  Thor  
  129  11:21  Hellion x2  
  133  11:27  Missile Turret  
  139  11:33  Thor  
  139  11:40  Supply Depot  
  139  11:52  Hellion x3  
  139  11:53  Hellion  
  132  12:10  Hellion  
  132  12:13  Hellion x3  
  132  12:15  Hellion  
  133  12:16  Siege Tank  
  133  12:18  Hellion x13, Viking  
  126  12:25  SCV  
  126  12:27  Missile Turret  
  126  12:28  Missile Turret  
  124  12:34  Hellion x2  
  133  12:41  SCV  
Tags
 
Add a new tag
Caveats
  • Supply blocks, unpowered buildings, or Contaminate may cause inaccurate times.
  • Supply counts are checked every 10 seconds.